 Dungeon Crawl Stone Soup version 0.29.1-1-gd02db6906a (webtiles) character file.

Game seed: 13173504698200790715

33 duqxpub the Shield-Bearer (level 3, -1/33 HPs)
             Began as a Minotaur Fighter on Sept 23, 2022.
             Slain by Sigmund
             ... wielding a +0 scythe
              (4 damage)
             ... on level 2 of the Dungeon.
             The game lasted 00:19:24 (969 turns).

duqxpub the Shield-Bearer (Minotaur Fighter)         Turns: 969, Time: 00:19:25

Health: -1/33      AC:  7    Str: 22    XL:     3   Next: 12%
Magic:  11/11      EV:  9    Int:  5    God:
Gold:   77         SH:  4    Dex:  9    Spells: 2/2 levels left

rFire   . . .      SeeInvis .   g - +2 flail (protect)
rCold   . . .      Faith    .   c - +0 buckler
rNeg    . . .      Spirit   .   b - +0 scale mail
rPois   +          Reflect  .   (helmet restricted)
rElec   .          Harm     .   (no cloak)
rCorr   .          Rampage  .   (no gloves)
Will    .....                   (no boots)
Stlth   ..........              (no amulet)
HPRegen 0.11/turn               e - ring of poison resistance
MPRegen 0.12/turn               f - ring of magical power

@: no status effects
A: horns 2, retaliatory headbutt
a: no special abilities


You were on level 2 of the Dungeon.
You visited 1 branch of the dungeon, and saw 2 of its levels.

You collected 77 gold pieces.

Inventory:

Hand Weapons
 a - a +0 flail
 g - a +2 flail of protection (weapon)
 h - a +0 club
 k - a +0 whip
 m - a +0 dagger
 n - a +0 dagger
 o - a +0 sling
 p - a +0 short sword
 t - a +0 club
 u - a +0 short sword
 v - a +0 dagger
 z - a +0 spear
 A - a +0 club
Missiles
 q - a stone (quivered)
Armour
 b - a +0 scale mail (worn)
 c - a +0 buckler (worn)
 j - an orb of guile
 r - a +0 scale mail
Jewellery
 e - a ring of poison resistance (left hand)
 f - a ring of magical power (right hand)
Scrolls
 i - a scroll of amnesia {unknown}
 w - 2 scrolls of noise {unknown}
 y - a scroll of identify {unknown}
Potions
 d - 2 potions of curing
 l - 2 potions of heal wounds {unknown}
 s - a potion of attraction {unknown}
 x - 3 potions of magic {unknown}


   Skills:
 + Level 4.0 Fighting
 + Level 2.9 Maces & Flails
 + Level 4.1 Armour
 + Level 0.1 Stealth
 + Level 4.1 Shields


You had 2 spell levels left.
You didn't know any spells.
Your spell library contained the following spells:

 Spells                   Type           Power      Damage    Failure   Level
 Confusing Touch          Hex            0%         N/A       99%         3
 Cause Fear               Hex            0%         N/A       100%        4
 Yara's Violent Unravell  Hex/Tmut       0%         3d3       100%        5
 Dragon Form              Tmut           0%         N/A       100%        7
 Enfeeble                 Hex            0%         N/A       100%        7
 Dragon's Call            Summ           0%         N/A       100%        9


Dungeon Overview and Level Annotations

Branches:
Dungeon (2/15)

Altars:

Annotations:
D:2 Sigmund


Innate Abilities, Weirdness & Mutations

You have a pair of horns on your head.
You reflexively headbutt those who attack you in melee.


Message History

There is a stone staircase leading up here.
The giant cockroach bites you but does no damage.
You sock the giant cockroach!
Your weapon exudes an aura of protection.
You kill the giant cockroach!
Sigmund the Dreaded comes into view.
He is wielding a +0 scythe.
Sigmund shouts!
The endoplasm freezes you.
You are frozen.
You hit the endoplasm.
The endoplasm is almost dead.
The ball python closely misses you. The ball python grabs you.
The ball python constricts you. The endoplasm freezes you.
You are frozen.
You sock the ball python!
You kill the ball python!
You block the endoplasm's attack.
You sock the endoplasm!
You kill the endoplasm!
You closely miss Sigmund. Sigmund hits you but does no damage.
You sock Sigmund! Your headbutt misses Sigmund.
Sigmund is heavily wounded.
Sigmund hits you with a +0 scythe.
You closely miss Sigmund. You headbutt Sigmund.
Sigmund is heavily wounded.
Sigmund casts a spell.
Sigmund flickers and vanishes!
Deactivating autopickup; reactivate with Ctrl-A.
You closely miss something. Something hits you!
You closely miss something. Your headbutt misses something. Something hits you.
You sock something!
Your weapon exudes an aura of protection.
Something hits you but does no damage.
You miss something. Your headbutt misses something. You hit something.
Something hits you.
You barely miss something. Something hits you!
* * * LOW HITPOINT WARNING * * *
Something hits you.
You die...

.........
.......... #
.......... ..
#........## .#
..........##..
............
..........#
.........†#
.......<@.#
........{##
...........
.########....
.?.... #.....
..... .....


There were no monsters in sight!

Vanquished Creatures
  A dart slug (D:1)
  3 ball pythons
  4 endoplasms
  2 giant cockroaches
  6 goblins (D:1)
  A hobgoblin (D:1)
  2 quokkas (D:1)
  2 bats (D:1)
  A frilled lizard (D:1)
  3 kobolds (D:1)
  3 rats (D:1)
28 creatures vanquished.

Notes
Turn   | Place    | Note
-------+----------+-------------------------------------------
     0 | D:1      | duqxpub the Minotaur Fighter began the quest for the Orb.
     0 | D:1      | Reached XP level 1. HP: 19/19 MP: 0/0
   383 | D:1      | Reached XP level 2. HP: 27/27 MP: 1/1
   867 | D:1      | Reached XP level 3. HP: 27/33 MP: 2/2
   955 | D:2      | Noticed Sigmund
   969 | D:2      | Slain by Sigmund

Illustrated notes

Levels and vault maps discovered:
D:1:      lightli_arrival_isolated_outpost, layout_loops_corners
D:2:      layout_rooms, uniq_terence, uniq_sigmund

Skill      XL: |  1  2 |
---------------+-------+-----
Fighting       | 4 |  4.0
Armour         | 4 |  4.1
Shields        | 4 |  4.1
Maces & Flails | |  2.9
Stealth        | |  0.1

Action                   || total
-------------------------++-------
Melee: Flail             ||    56
       Headbutt          ||     7
Throw: Stone             ||     2
  Use: Potion            ||     2
Armor: Scale mail        ||    14
Dodge: Dodged            ||    13
Block: Buckler           ||     8
